 Dungeon Sprint DCSS version 0.30-a0-937-ga0a21ad780 (webtiles) character file.

Game seed: 13653134944860970288

4852 BigDaddyOpFi the End of an Era (level 10, -11/99 HPs)
             Began as a Hill Orc Fighter on Mar 24, 2023.
             Was the Champion of Qazlal.
             Mangled by a polar bear (14 damage)
             ... in the Dungeon (Sprint VII: "The Pits").
             The game lasted 00:02:15 (1281 turns).

BigDaddyOpFi the End of an Era (Hill Orc Fighter)   Turns: 1281, Time: 00:02:16

Health: -11/99     AC: 22    Str: 27    XL:     10   Next: 49%
Magic:  8/23       EV:  8    Int:  8    God:    Qazlal [******]
Gold:   0          SH: 15    Dex: 13    Spells: 9/9 levels left

rFire   . . .      SeeInvis .    r - +1 broad axe (freeze)
rCold   . . .      Faith    .    c - +0 buckler
rNeg    . . .      Spirit   .    l - +3 chain mail
rPois   .          Reflect  .    o - +0 helmet
rElec   .          Rampage  .    n - +0 cloak
rCorr   .          NoTele   +    p - +0 pair of gloves
Will    .....                    (no boots) Stlth
                                 (no amulet)
HPRegen 0.36/turn                b - +3 ring of dexterity
MPRegen 0.18/turn                d - +3 ring of strength

@: protected from physical damage, repel missiles
A: no striking features
a: Renounce Religion, Upheaval, Elemental Force, Disaster Area


You were in the Dungeon.
You worshipped Qazlal.
Qazlal was exalted by your worship.
You visited 1 branch

Inventory:

Hand Weapons
 r - a +1 broad axe of freezing (weapon)
Armour
 c - a +0 buckler (worn)
 l - a +3 chain mail (worn)
 n - a +0 cloak (worn)
 o - a +0 helmet (worn)
 p - a +0 pair of gloves (worn)
Jewellery
 b - a +3 ring of dexterity (left hand)
 d - a +3 ring of strength (right hand)
Scrolls
 j - a scroll of blinking
Potions
 e - 6 potions of curing
 f - 13 potions of heal wounds
 g - a potion of haste
 h - 4 potions of magic
 i - 5 potions of berserk rage
 k - 2 potions of invisibility
 m - 2 potions of brilliance


   Skills:
 + Level 12.5 Fighting
 + Level 13.4 Axes
 + Level 11.4 Armour
 + Level 11.5 Shields
 * Level 18.1 Invocations


You had 9 spell levels left.
You didn't know any spells.
Your spell library was empty.

Dungeon Overview and Level Annotations

Branches:
Dungeon (1/1)

Altars:
Ashenzari
Cheibriados
Dithmenos
Elyvilon
Fedhas
Gozag
Hepliaklqana
Kikubaaqudgha
Makhleb
Nemelex Xobeh
Okawaru
Qazlal
Ru
Sif Muna
Trog
Uskayaw
Vehumet
Wu Jian
Xom
Yredelemnul
Zin
The Shining One
Beogh
Jiyva
Lugonu


Message History

Press: ? - help, Dir - look around, f - activate Nature churns violently around you!
You block the polar bear's attack.
The polar bear claws you but does no damage. x2
Unknown command.
Okay, then.
You block the polar bear's attack. The polar bear barely misses you.
You block the polar bear's attack.
The polar bear is engulfed in blazing flames.
The polar bear bites you!
* * * LOW HITPOINT WARNING * * *
You block the polar bear's attack.
The polar bear claws you but does no damage.
Items here: ( )) ÷.
Activating: Disaster Area (0% risk of failure)
Press: ? - help, Dir - look around, f - activate Nature churns violently around you!
The cutting wind hits the orc!!
You kill the orc!
Qazlal accepts your kill.
The cutting wind hits something!!!
Qazlal accepts your kill.
Reactivating autopickup.
You feel a bit more experienced. Qazlal accepts your kill.
You feel a bit more experienced. The polar bear barely misses you.
You block the polar bear's attack.
The polar bear claws you but does no damage.
Unknown command.
You hit the polar bear.
The polar bear is almost dead.
You block the polar bear's attack. x2
The polar bear claws you but does no damage.
You barely miss the polar bear.
The polar bear is almost dead.
The polar bear bites you!
* * * LOW HITPOINT WARNING * * *
The polar bear claws you but does no damage. x2
The polar bear bites you!
You die...

......##''#
......##..#
......##..# #+#
..<...##..# ##.##
......##..# ##).§##
......##..####....§#
......##..§##.§☼°§☼#
########..§≈'.°°...+
########...##..§@○.#
.#....##..####.○h°.#
.#....##..# ##[○.##
.'..))##..# ##.##
.#..[)##..# #)#
.#..))##..# .§.
########### #####


You could see a polar bear (berserk).

Vanquished Creatures
  A hydra (D)
  A deep elf pyromancer (D)
  An elephant (D)
  A komodo dragon (D)
  An efreet (D)
  2 kobold demonologists (D)
  5 dream sheep (D)
  A flying skull (D)
  A wraith (D)
  A vampire (D)
  2 vampire mosquitoes (D)
  A floating eye (D)
  A black bear (D)
  An ogre (D)
  2 kobold brigands (D)
  A scorpion (D)
  6 killer bees (D)
  A quasit (D)
  2 orc priests (D)
  A gnoll bouda (D)
  An orc wizard (D)
  5 gnolls (D)
  2 adders (D)
  3 river rats (D)
  An ufetubus (D)
  5 orcs (D)
  An endoplasm (D)
  A giant cockroach (D)
  2 kobolds (D)
  2 goblins (D)
  A rat (D)
57 creatures vanquished.

Notes
Turn   | Place    | Note
-------+----------+-------------------------------------------
     0 | D        | BigDaddyOpFi the Hill Orc Fighter began the quest for the
                  | Orb.
     0 | D        | Reached XP level 1. HP: 19/19 MP: 1/1
    15 | D        | Found a bloodstained altar of Trog.
    15 | D        | Found a shimmering blue altar of Sif Muna.
    15 | D        | Found a viscous altar of Jiyva.
    15 | D        | Found a hazy altar of Hepliaklqana.
    15 | D        | Found an opulent altar of Gozag.
    16 | D        | Found a glowing golden altar of the Shining One.
    16 | D        | Found a glowing silver altar of Zin.
    16 | D        | Found a basalt altar of Yredelemnul.
    16 | D        | Found a shimmering altar of Xom.
    16 | D        | Found an ornate altar of the Wu Jian Council.
    16 | D        | Found a sacrificial altar of Ru.
    16 | D        | Found a stormy altar of Qazlal.
    16 | D        | Found an iron altar of Okawaru.
    16 | D        | Found a sparkling altar of Nemelex Xobeh.
    16 | D        | Found a burning altar of Makhleb.
    16 | D        | Found a blossoming altar of Fedhas.
    16 | D        | Found a white marble altar of Elyvilon.
    16 | D        | Found a shadowy altar of Dithmenos.
    16 | D        | Found a snail-covered altar of Cheibriados.
    17 | D        | Found a radiant altar of Vehumet.
    17 | D        | Found a corrupted altar of Lugonu.
    17 | D        | Found a roughly hewn altar of Beogh.
    18 | D        | Found a hide-covered altar of Uskayaw.
    18 | D        | Found an ancient bone altar of Kikubaaqudgha.
    18 | D        | Found a broken altar of Ashenzari.
    21 | D        | Became a worshipper of Qazlal Stormbringer
    44 | D        | Noticed a floating eye
    46 | D        | Paralysed by a floating eye for 4 turns
    51 | D        | Paralysed by a floating eye for 2 turns
    54 | D        | Killed a floating eye
    55 | D        | Reached skill level 5 in Fighting
    55 | D        | Reached skill level 5 in Axes
    55 | D        | Reached skill level 5 in Armour
    55 | D        | Reached skill level 5 in Shields
    55 | D        | Reached skill level 6 in Invocations
    55 | D        | Reached XP level 2. HP: 29/29 MP: 1/6
    55 | D        | Reached XP level 3. HP: 36/36 MP: 1/7
    55 | D        | Reached XP level 4. HP: 42/42 MP: 1/8
   130 | D        | Reached * piety under Qazlal
   131 | D        | Reached XP level 5. HP: 31/50 MP: 8/10
   234 | D        | Reached skill level 7 in Invocations
   273 | D        | Reached ** piety under Qazlal
   274 | D        | Reached skill level 8 in Invocations
   418 | D        | Noticed a kobold brigand
   420 | D        | Noticed a flying skull
   421 | D        | Reached *** piety under Qazlal
   427 | D        | Reached **** piety under Qazlal
   428 | D        | Reached XP level 6. HP: 58/58 MP: 12/12
   432 | D        | Reached skill level 9 in Invocations
   441 | D        | Killed a flying skull
   442 | D        | Reached skill level 10 in Invocations
   446 | D        | Reached skill level 11 in Invocations
   446 | D        | Reached XP level 7. HP: 60/68 MP: 13/15
   468 | D        | Reached ***** piety under Qazlal
   471 | D        | Noticed a vampire
   473 | D        | Killed a vampire
   474 | D        | Reached skill level 12 in Invocations
   490 | D        | Noticed a wraith
   490 | D        | Noticed a dream sheep
   490 | D        | Noticed a dream sheep
   490 | D        | Noticed a dream sheep
   490 | D        | Noticed a dream sheep
   490 | D        | Noticed a dream sheep
   495 | D        | Killed a dream sheep
   496 | D        | Reached skill level 13 in Invocations
   496 | D        | Reached XP level 8. HP: 68/78 MP: 17/17
   496 | D        | Killed a dream sheep
   496 | D        | Killed a dream sheep
   496 | D        | Killed a dream sheep
   496 | D        | Reached ****** piety under Qazlal
   496 | D        | Killed a wraith
   497 | D        | Reached skill level 10 in Fighting
   497 | D        | Reached skill level 10 in Axes
   497 | D        | Reached skill level 14 in Invocations
   497 | D        | Reached XP level 9. HP: 71/86 MP: 9/19
   815 | D        | Noticed an elephant
   819 | D        | Reached skill level 15 in Invocations
   820 | D        | Killed an elephant
   821 | D        | Reached skill level 10 in Shields
  1037 | D        | Noticed a four-headed hydra
  1037 | D        | Noticed a deep elf pyromancer
  1037 | D        | Noticed a kobold demonologist
  1037 | D        | Noticed a kobold demonologist
  1038 | D        | Killed a kobold demonologist
  1038 | D        | Killed a kobold demonologist
  1039 | D        | Reached skill level 10 in Armour
  1039 | D        | Reached skill level 16 in Invocations
  1039 | D        | Killed a deep elf pyromancer
  1039 | D        | Killed a four-headed hydra
  1040 | D        | Reached skill level 17 in Invocations
  1040 | D        | Reached XP level 10. HP: 97/97 MP: 4/22
  1262 | D        | Reached skill level 18 in Invocations
  1281 | D        | HP: 3/99 [polar bear (17)]
  1281 | D        | Mangled by a polar bear

Illustrated notes

Levels and vault maps discovered:
D:        pitsprint [storerooms_1, entrance_room_1, metal_vault_3, armoury_2,
          mini_pit_1, grid_room_1, main_hall_1, silver_pit, the_coven_3,
          the_vestibule_1, steel_vault_5, golden_pit, hallway_of_sentries,
          crystal_vault_4, iron_vault_5, final_vault]

Skill      XL: |  1  2  3  4  5  6  7  8  9 10 |
---------------+-------------------------------+-----
Fighting       | 5 6 8 9 10 12 | 12.5
Axes           | 5 6 8 9 10 12 13 | 13.4
Armour         | 5 6 7 8 9 11 | 11.4
Shields        | 5 6 7 8 9 11 | 11.5
Invocations    | 6 8 11 13 14 17 18 | 18.1

Action                     |  1- 3 |  4- 6 |  7- 9 | 10-12 || total
---------------------------+-------+-------+-------+-------++-------
  Melee: War axe           |     7 |    74 |    22 |       ||   103
         Broad axe         |       |       |     1 |    27 ||    28
 Invoke: Disaster Area     |       |       |     4 |     2 ||     6
    Use: Potion            |       |     3 |       |       ||     3
 Armour: Scale mail        |     1 |    31 |       |       ||    32
         Chain mail        |       |     9 |     9 |    17 ||    35
  Dodge: Dodged            |       |    41 |     2 |     7 ||    50
  Block: Buckler           |     1 |    46 |    13 |    23 ||    83

Table legend: (Time is in decaauts)
 A = Elapsed time spent in this place.
 B = Non-inter-level travel time spent in this place.
 C = Inter-level travel time spent in this place.
 D = Time resting spent in this place.
 E = Time spent auto-exploring this place.
 F = Levels seen in this place.
 G = Mean time per level.
                   A        B        C        D        E       F      G
               +--------+--------+--------+--------+--------+-----+--------+
         Total |   1306 |   1258 |     48 |    839 |      0 |   1 | 1306.0 |
       Dungeon |   1306 |   1258 |     48 |    839 |      0 |   1 | 1306.0 |
               +--------+--------+--------+--------+--------+-----+--------+

Top non-repeatable levels by time:
       D: 1306 daAuts
